 Dungeon Crawl Stone Soup version 0.18.1-48-g4cf74bf (webtiles) character file.

578 Heedrag the Conjurer (level 7, -2/36 HPs)
             Began as a Deep Elf Conjurer on Aug 11, 2016.
             Slain by a worker ant (6 damage)
             ... on level 5 of the Dungeon.
             The game lasted 00:07:26 (3724 turns).

Heedrag the Conjurer (Deep Elf Conjurer)            Turns: 3724, Time: 00:07:27

Health: -2/36      AC:  5    Str:  7    XL:     7   Next: 13%
Magic:  2/18       EV: 13    Int: 20    God:
Gold:   227        SH:  0    Dex: 15    Spells: 4 memorised, 5 levels left

rFire  . . .     SeeInvis .     s - +0 spear
rCold  . . .     Gourm    .     a - +0 robe
rNeg   . . .     Faith    +     (no shield)
rPois  .         Spirit   .     B - +2 helmet
rElec  .         Dismiss  .     (no cloak)
rCorr  .         Reflect  .     (no gloves)
SustAt .         Harm     .     (no boots)
MR     .....                    y - amulet of faith
Stlth  ++........               (no ring)
                                (no ring)

@: not resistant to hostile enchantments, unstealthy
A: no striking features
a: no special abilities


You were on level 5 of the Dungeon.
You were not hungry.

You visited 1 branch of the dungeon, and saw 5 of its levels.

You collected 227 gold pieces.

Inventory:

Hand Weapons
 i - a +0 dagger
 o - a +2 antimagic short sword
 s - a +0 spear (weapon)
Armour
 a - a +0 robe (worn)
 B - a +2 helmet (worn)
Jewellery
 y - an amulet of faith (around neck)
Wands
 t - a wand of lightning (13/15)
 w - a wand of digging (8/24)
Scrolls
 d - 3 scrolls of remove curse
 g - 10 scrolls of identify
 h - a scroll of teleportation
Potions
 e - 4 potions of curing {unknown}
 j - a potion of haste {unknown}
 k - a potion of might {unknown}
 l - 3 potions of lignification {unknown}
 m - a potion of ambrosia {unknown}
 u - a potion of brilliance {unknown}
 x - a potion of heal wounds {unknown}
Books
 b - a book of Conjurations

   Spells                             Type                      Level
   a - Magic Dart                     Conjuration                  1
   b - Searing Ray                    Conjuration                  2
   c - Dazzling Spray                 Conjuration/Hexes            3
   d - Fulminant Prism                Conjuration/Hexes            4
   e - Iskenderun's Mystic Blast      Conjuration                  4
   f - Iskenderun's Battlesphere      Conjuration/Charms           5
 v - a book of Beasts

   Spells                             Type                      Level
   a - Summon Butterflies             Summoning                    1
   b - Call Canine Familiar           Summoning                    3
   c - Summon Ice Beast               Ice/Summoning                4
   d - Summon Mana Viper              Hexes/Summoning              5
   e - Summon Hydra                   Summoning                    7
Comestibles
 c - 4 bread rations
 f - 4 beef jerkies
 p - 2 meat rations
 z - 2 chunks of flesh


   Skills:
 - Level 2.4 Dodging
 - Level 2.4 Stealth
 + Level 6.3 Spellcasting
 * Level 7.6 Conjurations
 + Level 3.6 Charms


You had 5 spell levels left.
You knew the following spells:

 Your Spells              Type           Power        Failure   Level  Hunger
a - Magic Dart            Conj           ####         1%          1    None
b - Dazzling Spray        Conj/Hex       ###...       10%         3    ##.....
c - Iskenderun's Mystic   Conj           #####...     6%          4    ####...
d - Iskenderun's Battles  Conj/Chrm      ####....     30%         5    #####..


Dungeon Overview and Level Annotations

Branches:
Dungeon (5/15)
 Temple: D:4-7

Altars:
Makhleb
Pakellas


Message History

Tha hound be heavily wounded.
Tha spray o' energy hits tha worker ant.
Tha worker ant be almost dead.
A hound comes inta view.
Tha hound closely misses ye.
Castin': Dazzlin' Spray Confirm wit' . or Enter, or press ? or * ta list all spells.
Aimin': Dazzlin' Spray
Press: ? - help, Shift-Dir - straight line, f/p - crimson imp
Aim: a crimson imp (lightly wounded, blind, hasn't noticed ye) Tha spray o' energy hits tha hound.
Tha hound be severely wounded.
Tha centaur shoots an arrow.
Tha arrow misses tha hound.
Tha arrow closely misses ye.
Tha worker ant waves its antennae.
Tha worker ant closely misses ye.
Tha hound bites ye.
* * * LOW HITPOINT WARNIN'
* * * Tha centaur shoots an arrow.
Tha arrow hits tha hound.
Tha centaur be nay longer blind.
Tha worker ant bites ye.
Ye die...

##........... ..
................
#h..[.(..# ..#
#.....###.#
#...(5....###.
#...c.#.......
###...(......###
#.....ah.....<..
#.#...@...##.##
#. ###.(.#.# ..
. #..###.# .
.....#...#
####.#.### #.#.#
#.#.# #.#.#
#...#


You could see a centaur, a hound, a worker ant and a crimson imp (blind).

Vanquished Creatures
  2 ogres
  A scorpion (D:4)
  The ghost of Galewind the Conjurer, a weakling DECj (D:4)
  3 iron imps (D:4)
  2 worker ants
  A hound zombie (D:5)
  A hound skeleton (D:5)
  7 adders
  4 gnolls (D:3)
  An adder skeleton (D:4)
  2 worms (D:3)
  3 giant geckos
  4 orcs (D:3)
  5 bats
  8 giant cockroaches
  5 goblins
  5 hobgoblins
  2 quokkas
  A giant gecko skeleton (D:4)
  5 giant newts
  A kobold (D:3)
  3 rats
67 creatures vanquished.

Notes
Turn   | Place    | Note
--------------------------------------------------------------
     0 | D:1      | Heedrag the Deep Elf Conjurer began the quest for the Orb.
     0 | D:1      | Reached XP level 1. HP: 10/10 MP: 6/6
   257 | D:1      | Reached XP level 2. HP: 15/15 MP: 5/8
   991 | D:2      | Found a faded altar to an unknown god.
  1052 | D:2      | Reached skill level 5 in Conjurations
  1241 | D:3      | Reached XP level 3. HP: 19/19 MP: 6/10
  1246 | D:3      | Learned a level 3 spell: Dazzling Spray
  1441 | D:3      | Reached XP level 4. HP: 15/24 MP: 1/12
  1586 | D:3      | Learned a level 4 spell: Iskenderun's Mystic Blast
  2002 | D:3      | Found an oddly glowing altar of Pakellas.
  2129 | D:3      | Reached skill level 6 in Conjurations
  2415 | D:4      | Reached XP level 5. HP: 21/28 MP: 2/14
  2546 | D:4      | Reached skill level 5 in Spellcasting
  2561 | D:4      | Learned a level 5 spell: Iskenderun's Battlesphere
  2587 | D:4      | Noticed Galewind's ghost (weakling DECj)
  2885 | D:4      | Reached skill level 1 in Charms
  2949 | D:4      | Reached XP level 6. HP: 32/32 MP: 9/16
  2967 | D:4      | Found a burning altar of Makhleb.
  3068 | D:4      | Reached skill level 7 in Conjurations
  3079 | D:4      | Killed Galewind's ghost
  3511 | D:5      | Entered Level 5 of the Dungeon
  3559 | D:5      | Reached XP level 7. HP: 35/36 MP: 7/18
  3724 | D:5      | Slain by a worker ant

Skill      XL: |  1  2  3  4  5  6 |
---------------+-------------------+-----
Conjurations   | 5 6 7 |  7.6
Spellcasting   | 4 5 6 |  6.3
Charms         | 1 3 |  3.6
Dodging        | |  2.4
Stealth        | |  2.4

Action                   |  1- 3 |  4- 6 |  7- 9 || total
-------------------------+-------+-------+-------++-------
Melee: Spear             |       |       |     1 ||     1
 Cast: Magic Dart        |    64 |   135 |    23 ||   222
       Dazzling Spray    |       |     1 |     3 ||     4
  Use: Scroll            |       |       |     6 ||     6
  Eat: Chunk             |     1 |     7 |       ||     8
Armor: Robe              |       |       |     1 ||     1
Dodge: Dodged            |     3 |    11 |     5 ||    19
